 Dungeon Crawl Stone Soup version 0.30-a0-1066-g63dfefce0d (webtiles) character file.

Game seed: 11976820535031043465

189 IdlyInterested the Cutter (level 5, -5/38 HPs)
             Began as a Demonspawn Gladiator on Apr 12, 2023.
             Killed by nerve-wracking pain
             ... invoked by Grinder
              (11 damage)
             ... on level 4 of the Dungeon.
             The game lasted 00:12:53 (2741 turns).

IdlyInterested the Cutter (Demonspawn Gladiator)    Turns: 2741, Time: 00:12:54

Health: -5/38      AC:  9    Str: 14    XL:     5   Next: 40%
Magic:  5/5        EV:  7    Int: 17    God:
Gold:   239        SH:  0    Dex: 17    Spells: 4/4 levels left

rFire   . . .      SeeInvis .    a - +2 rapier
rCold   . . .      Faith    .    (no shield)
rNeg    . . .      Spirit   .    r - +0 chain mail
rPois   .          Reflect  .    (helmet restricted)
rElec   .          Rampage  .    (no cloak)
rCorr   .                        (no gloves)
Will    .....                    p - +0 pair of boots Stlth
                                 (no amulet)
HPRegen 0.26/turn                l - +6 ring of intelligence
MPRegen 0.09/turn                (no ring)

@: no status effects
A: horns 1, foul stench 1, big brain 1
a: no special abilities


You were on level 4 of the Dungeon.
You visited 1 branch of the dungeon, and saw 4 of its levels.

You collected 239 gold pieces.

Inventory:

Hand Weapons
 a - a +2 rapier (weapon)
 q - a +1 dagger of flaming
Missiles
 d - 3 throwing nets
 e - a javelin
 f - 68 stones
 n - 5 poisoned darts (quivered)
Armour
 b - a +0 leather armour
 c - a +0 helmet
 g - a +0 ring mail
 i - a +0 scale mail
 p - a +0 pair of boots (worn)
 r - a +0 chain mail (worn)
Jewellery
 l - a +6 ring of intelligence (left hand)
Scrolls
 k - 3 scrolls of teleportation
Potions
 h - 2 potions of resistance
 j - 2 potions of curing
 m - a potion of ambrosia {unknown}
 o - a potion of brilliance


   Skills:
 - Level 2.0 Fighting
 + Level 3.8 Short Blades
 - Level 1.7 Throwing
 - Level 1.0 Armour
 - Level 2.6 Dodging
 * Level 3.8 Stealth
 - Level 1.0 Evocations


You had 4 spell levels left.
You didn't know any spells.
Your spell library contained the following spells:

 Spells                   Type           Power      Damage    Failure   Level
 Poisonous Vapours        Pois/Air       0%         N/A       100%        2
 Sublimation of Blood     Necr           0%         N/A       100%        2
 Wereblood                Tmut           0%         N/A       100%        2
 Mephitic Cloud           Conj/Pois/Air  0%         N/A       100%        3
 Portal Projectile        Hex/Tloc       0%         N/A       100%        3
 Tukima's Dance           Hex            0%         N/A       100%        3
 Passage of Golubria      Tloc           0%         N/A       100%        4
 Blade Hands              Tmut           0%         N/A       100%        5
 Freezing Cloud           Conj/Ice/Air   0%         6-21      100%        5
 Yara's Violent Unravell  Hex/Tmut       0%         3d3       100%        5
 Summon Hydra             Summ           0%         N/A       100%        7


Dungeon Overview and Level Annotations

Branches:
Dungeon (4/15)
 Temple: D:4-7

Altars:
Hepliaklqana
Kikubaaqudgha
Nemelex Xobeh
Okawaru

Shops:
D:1 !

Annotations:
D:4 Grinder


Innate Abilities, Weirdness & Mutations

You have a pair of small horns on your head.
You may rarely emit foul miasma when damaged in melee.
You have an unusually large brain. (Int +2)


Message History

Grinder is heavily wounded.
Grinder hits you.
You emit a cloud of foul miasma!
You hit Grinder but do no damage. Your headbutt misses Grinder.
Grinder is heavily wounded.
Grinder closely misses you.
You hit Grinder. You headbutt Grinder.
Grinder is heavily wounded.
Grinder hits you but does no damage.
You hit Grinder but do no damage.
Grinder is heavily wounded.
Grinder hits you.
You writhe in agony.
You hit Grinder but do no damage.
Grinder is heavily wounded.
Grinder hits you but does no damage.
You hit Grinder. Your punch misses Grinder.
Grinder is heavily wounded.
Grinder gestures at you.
You suddenly lose the ability to move!
Grinder blinks!
Grinder gestures at you. Pain shoots through your body!
You can move again.
There is an open door here.
You hit Grinder but do no damage.
Grinder is heavily wounded.
Grinder gestures at you.
You shrug off the repeated paralysis!
You puncture Grinder!
Grinder is severely wounded.
Grinder hits you but does no damage.
You hit Grinder but do no damage.
Grinder is severely wounded.
Grinder gestures at you. Pain shoots through your body!
* * * LOW HITPOINT WARNING * * *
Unknown command.
You feel better. Grinder gestures at you. Pain shoots through your body!
You die...

.....P♣ ♣P......'##'##'##'##'.#
#####...♣..######..#.....#..#.#
#.........##..#+###'#..#.#
#.........#..#.....#..#.#
.........'..+.._..+..+.#
........##..#.....#..#.#
........##..#+###+#..#.#
........##..# #..#.#
.........@##+##+ +##+
........##5....#
#######.##.....# #..###+##+ ##.
#


You could see Grinder.

Vanquished Creatures
  A scorpion (D:4)
  2 gnolls (D:3)
  4 adders
  2 worms
  A dart slug (D:2)
  3 orcs (D:3)
  5 endoplasms
  2 giant cockroaches
  7 goblins
  7 hobgoblins
  7 jackals (D:2)
  7 kobolds
  6 ball pythons
  3 bats
  2 frilled lizards (D:2)
  A rat (D:2)
60 creatures vanquished.

Vanquished Creatures (others)
  2 plants (D:4)
2 creatures vanquished.

Grand Total: 62 creatures vanquished

Notes
Turn   | Place    | Note
-------+----------+-------------------------------------------
     0 | D:1      | IdlyInterested the Demonspawn Gladiator began the quest for
                  | the Orb.
     0 | D:1      | Reached XP level 1. HP: 16/16 MP: 1/1
    92 | D:1      | Found a faded altar of an unknown god.
   282 | D:1      | Found Nusmer's Distillery.
   388 | D:1      | Gained mutation: You have an unusually large brain. (Int
                  | +2) [demonic ancestry]
   388 | D:1      | Reached XP level 2. HP: 22/22 MP: 2/2
   808 | D:2      | Reached skill level 1 in Stealth
   916 | D:2      | Reached skill level 1 in Armour
  1193 | D:2      | Reached XP level 3. HP: 23/27 MP: 3/3
  1437 | D:2      | Reached skill level 1 in Evocations
  1808 | D:3      | Gained mutation: You may rarely emit foul miasma when
                  | damaged in melee. [demonic ancestry]
  1808 | D:3      | Reached XP level 4. HP: 28/33 MP: 4/4
  2145 | D:3      | Found a hazy altar of Hepliaklqana.
  2280 | D:3      | Found a sparkling altar of Nemelex Xobeh.
  2425 | D:3      | Found an iron altar of Okawaru.
  2553 | D:4      | Noticed a scorpion
  2560 | D:4      | Killed a scorpion
  2561 | D:4      | Gained mutation: You have a pair of small horns on your
                  | head. [demonic ancestry]
  2561 | D:4      | Reached XP level 5. HP: 38/38 MP: 5/5
  2694 | D:4      | Found an ancient bone altar of Kikubaaqudgha.
  2719 | D:4      | Noticed Grinder
  2732 | D:4      | Paralysed by Grinder for 5 turns
  2740 | D:4      | HP: 1/38 [Grinder/nerve-wracking pain (13)]
  2741 | D:4      | Killed from afar by Grinder

Illustrated notes

Levels and vault maps discovered:
D:1:      erik_arrival_orb_chamber, layout_basic,
          shapermc_ecumenical_altar_notcrosses, serial_shops,
          nicolae_shop_stone, chequers_serial_rivers_micro_a,
          hangedman_decor_riveting, minmay_pentomino_r4
D:2:      layout_rooms, serial_curves, eino_curves_02, eino_curves_04,
          kennysheep_another_room
D:3:      layout_rooms, worldfamousw_hep_ancestral_shrine,
          okawaru_altar_gauntlet_db, tso_metal_star, nemelex_altar_shiori
D:4:      layout_basic, mainiacjoe_overflow_24_doors, serial_forest,
          infiniplex_forest_clump_C, infiniplex_forest_lined_corner,
          infiniplex_forest_straight_2, infiniplex_forest_clump_long,
          infiniplex_forest_end_2, infiniplex_forest_clump_medium,
          infiniplex_forest_corner_1, infiniplex_forest_clump_curved,
          uniq_grinder

Skill      XL: |  1  2  3  4 |
---------------+-------------+-----
Stealth        | 1 2 3 |  3.8
Short Blades   | 3 |  3.8
Armour         | 1 |  1.0
Evocations     | 1 |  1.0
Fighting       | |  2.0
Throwing       | |  1.7
Dodging        | |  2.6

Action                     |  1- 3 |  4- 6 || total
---------------------------+-------+-------++-------
  Melee: Rapier            |   145 |    69 ||   214
         Punch             |     3 |       ||     3
         Headbutt          |       |     3 ||     3
  Throw: Dart              |     1 |     7 ||     8
         Javelin           |     1 |       ||     1
    Use: Scroll            |     5 |     2 ||     7
         Potion            |     1 |     1 ||     2
   Stab: Distracted        |     1 |       ||     1
         Sleeping          |     1 |       ||     1
 Armour: Leather armour    |    57 |       ||    57
         Ring mail         |     3 |     2 ||     5
         Chain mail        |       |    26 ||    26
         Scale mail        |       |     6 ||     6
  Dodge: Dodged            |   114 |    25 ||   139

Table legend: (Time is in decaauts)
 A = Elapsed time spent in this place.
 B = Non-inter-level travel time spent in this place.
 C = Inter-level travel time spent in this place.
 D = Time resting spent in this place.
 E = Time spent auto-exploring this place.
 F = Levels seen in this place.
 G = Mean time per level.
                   A        B        C        D        E       F      G
               +--------+--------+--------+--------+--------+-----+--------+
         Total |   2753 |   2490 |    263 |    256 |   1349 |   4 |  688.2 |
       Dungeon |   2753 |   2490 |    263 |    256 |   1349 |   4 |  688.2 |
               +--------+--------+--------+--------+--------+-----+--------+

Top non-repeatable levels by time:
     D:2: 915 daAuts
     D:1: 862 daAuts
     D:3: 784 daAuts
     D:4: 191 daAuts
